[ AOE2 MATCH · #505422054 ]
UnrankedKoreans vs Mongols
Player's team · LOSS
Rival team · WIN
[ REPLAY ANALYSIS · EXTRACTED FROM THE RECORDED GAME ]
Feudal
10:10
Castle
—
Imperial
—
| APM avg | 54.9 |
| APM peak | 106 |
| eAPM avg | 20.3 |
| Villagers / military | 36 / 7 |
Focus
⚔️ 25.8% · 🌾 74.2%
Archer ×6 · Spearman ×1
Feudal
11:55
Castle
15:53
Imperial
—
| APM avg | 59.8 |
| APM peak | 84 |
| eAPM avg | 20.3 |
| Villagers / military | 29 / 2 |
Focus
⚔️ 43.4% · 🌾 56.6%
Steppe Lancer ×2
Match map
Initial resources + every placement click. Lines = walls · curves = elevation contours. ◆ gold · ⬟ stone · ● berries · ✦ relic · ◌ wall gap
Your base· Open — 5t gap
catorce's base· Open — unwalled flank
Smoothed initial terrain · ◌ = detected wall gap · hover for details
Inputs per minute
— 3szz - - catorce
Build order — 3szz
85 actions detected in the replay
| 0:01 | Queue | Villager (Male) |
| 0:01 | Queue | Villager (Male) |
| 0:02 | Build | House |
| 0:03 | Build | House |
| 0:22 | Queue | Villager (Male) |
| 0:22 | Queue | Villager (Male) |
| 1:29 | Queue | Villager (Male) |
| 1:51 | Build | Lumber Camp |
| 1:56 | Queue | Villager (Male) |
| 1:56 | Queue | Villager (Male) |
| 2:36 | Queue | Villager (Male) |
| 2:47 | Build | House |
| 2:51 | Queue | Villager (Male) |
| 3:13 | Queue | Villager (Male) |
| 3:31 | Queue | Villager (Male) |
| 3:42 | Queue | Villager (Male) |
| 4:07 | Queue | Villager (Male) |
| 4:17 | Queue | Villager (Male) |
| 4:44 | Build | Mill |
| 5:00 | Queue | Villager (Male) |
| 5:11 | Build | House |
| 5:34 | Build | House |
| 5:44 | Queue | Villager (Male) |
| 5:44 | Queue | Villager (Male) |
| 6:22 | Research | Loom |
| 6:56 | Build | Barracks |
| 7:10 | Queue | Villager (Male) |
| 7:43 | Build | Mining Camp |
| 8:00 | Research | Feudal Age |
| 8:12 | Build | Palisade Wall |
| 8:40 | Build | Palisade Wall |
| 8:41 | Build | Palisade Wall |
| 8:42 | Build | Palisade Wall |
| 8:45 | Build | House |
| 8:53 | Build | House |
| 8:57 | Build | Palisade Wall |
| 9:49 | Queue | Villager (Male) |
| 10:10 | Age | Feudal Age |
| 10:13 | Build | Mining Camp |
| 10:24 | Queue | Villager (Male) |
| 10:29 | Research | Double-Bit Axe |
| 10:32 | Queue | Villager (Male) |
| 10:45 | Build | Blacksmith |
| 11:17 | Queue | Villager (Male) |
| 11:24 | Build | Watch Tower |
| 11:37 | Build | Archery Range |
| 11:42 | Queue | Villager (Male) |
| 12:19 | Build | Watch Tower |
| 12:20 | Queue | Villager (Male) |
| 12:21 | Queue | Villager (Male) |
| 12:25 | Queue | Archer |
| 12:25 | Queue | Archer |
| 12:25 | Queue | Archer |
| 12:43 | Queue | Spearman |
| 12:50 | Build | Farm |
| 12:54 | Build | Farm |
| 12:54 | Build | Farm |
| 13:00 | Queue | Villager (Male) |
| 13:31 | Build | Watch Tower |
| 13:35 | Queue | Villager (Male) |
| 13:36 | Queue | Archer |
| 13:36 | Queue | Archer |
| 13:47 | Build | House |
| 13:53 | Queue | Villager (Male) |
| 14:10 | Build | Farm |
| 14:12 | Queue | Villager (Male) |
| 14:26 | Queue | Archer |
| 14:41 | Build | House |
| 14:45 | Queue | Villager (Male) |
| 15:07 | Build | Watch Tower |
| 15:20 | Queue | Villager (Male) |
| 15:20 | Queue | Villager (Male) |
| 15:20 | Queue | Villager (Male) |
| 15:48 | Research | Fletching |
| 15:59 | Queue | Villager (Male) |
| 16:02 | Build | Market |
| 16:11 | Queue | Villager (Male) |
| 16:14 | Build | House |
| 16:17 | Build | House |
| 16:21 | Build | Palisade Wall |
| 16:23 | Build | Palisade Gate |
| 16:43 | Build | Watch Tower |
| 17:20 | Queue | Villager (Male) |
| 17:56 | Build | Lumber Camp |
| 17:59 | Build | Palisade Wall |
Build order — catorce
85 actions detected in the replay
| 0:00 | Queue | Villager (Male) |
| 0:00 | Queue | Villager (Male) |
| 0:01 | Queue | Villager (Male) |
| 0:01 | Queue | Villager (Male) |
| 0:02 | Build | House |
| 0:03 | Build | House |
| 1:37 | Queue | Villager (Male) |
| 1:37 | Queue | Villager (Male) |
| 1:44 | Queue | Villager (Male) |
| 1:53 | Queue | Villager (Male) |
| 2:26 | Build | Lumber Camp |
| 2:36 | Queue | Villager (Male) |
| 3:04 | Queue | Villager (Male) |
| 3:26 | Queue | Villager (Male) |
| 3:26 | Queue | Villager (Male) |
| 3:34 | Build | House |
| 4:17 | Queue | Villager (Male) |
| 4:32 | Queue | Villager (Male) |
| 4:39 | Build | Mill |
| 4:49 | Queue | Villager (Male) |
| 5:24 | Queue | Villager (Male) |
| 5:30 | Build | House |
| 5:49 | Build | House |
| 5:52 | Build | House |
| 6:13 | Build | Palisade Wall |
| 6:15 | Build | Palisade Wall |
| 6:17 | Queue | Villager (Male) |
| 6:23 | Build | Palisade Wall |
| 6:27 | Build | Palisade Wall |
| 6:28 | Build | Palisade Wall |
| 6:31 | Build | Palisade Wall |
| 6:50 | Queue | Villager (Male) |
| 6:50 | Queue | Villager (Male) |
| 7:19 | Queue | Villager (Male) |
| 7:27 | Queue | Villager (Male) |
| 7:54 | Build | Palisade Wall |
| 8:04 | Build | Farm |
| 8:07 | Build | Farm |
| 8:20 | Queue | Villager (Male) |
| 8:38 | Build | Farm |
| 8:43 | Queue | Villager (Male) |
| 9:03 | Research | Loom |
| 9:09 | Build | Mining Camp |
| 9:23 | Research | Feudal Age |
| 9:30 | Build | Palisade Wall |
| 9:30 | Build | Palisade Wall |
| 9:31 | Build | Palisade Wall |
| 9:31 | Build | Palisade Wall |
| 9:37 | Build | Palisade Wall |
| 9:37 | Build | Palisade Wall |
| 9:38 | Build | Palisade Wall |
| 9:54 | Build | Palisade Wall |
| 9:59 | Build | Palisade Wall |
| 10:11 | Build | Farm |
| 10:20 | Build | Palisade Wall |
| 10:21 | Build | Palisade Wall |
| 10:22 | Build | Palisade Wall |
| 10:22 | Build | Palisade Wall |
| 10:44 | Queue | Villager (Male) |
| 10:44 | Queue | Villager (Male) |
| 11:09 | Build | Barracks |
| 11:55 | Age | Feudal Age |
| 11:56 | Build | Blacksmith |
| 12:28 | Build | Stable |
| 12:48 | Research | Town Watch |
| 13:00 | Build | Farm |
| 13:12 | Research | Castle Age |
| 13:25 | Build | Farm |
| 13:30 | Build | Palisade Wall |
| 13:32 | Build | Palisade Wall |
| 13:45 | Build | House |
| 14:01 | Build | Farm |
| 14:12 | Research | Bloodlines |
| 14:19 | Build | Farm |
| 14:49 | Build | Watch Tower |
| 15:02 | Build | Watch Tower |
| 15:07 | Build | Lumber Camp |
| 15:26 | Queue | Villager (Male) |
| 15:44 | Queue | Villager (Male) |
| 15:53 | Age | Castle Age |
| 15:55 | Queue | Steppe Lancer |
| 15:55 | Queue | Steppe Lancer |
| 17:48 | Queue | Villager (Male) |
| 18:03 | Queue | Villager (Male) |
| 18:04 | Build | Monastery |
Match timeline
| 6:13 | catorce · wall_segment Palisade Wall x1 |
| 6:15 | catorce · wall_segment Palisade Wall x1 |
| 6:23 | catorce · wall_segment Palisade Wall x1 |
| 6:27 | catorce · wall_segment Palisade Wall x1 |
| 6:28 | catorce · wall_segment Palisade Wall x1 |
| 6:31 | catorce · wall_segment Palisade Wall x1 |
| 6:56 | 3szz · first_building Barracks |
| 7:54 | catorce · wall_segment Palisade Wall x2 |
| 8:12 | 3szz · wall_segment Palisade Wall x6 |
| 8:40 | 3szz · wall_segment Palisade Wall x1 |
| 8:41 | 3szz · wall_segment Palisade Wall x1 |
| 8:42 | 3szz · wall_segment Palisade Wall x1 |
| 8:57 | 3szz · wall_segment Palisade Wall x5 |
| 9:30 | catorce · wall_segment Palisade Wall x1 |
| 9:30 | catorce · wall_segment Palisade Wall x1 |
| 9:31 | catorce · wall_segment Palisade Wall x1 |
| 9:31 | catorce · wall_segment Palisade Wall x1 |
| 9:37 | catorce · wall_segment Palisade Wall x1 |
| 9:37 | catorce · wall_segment Palisade Wall x1 |
| 9:38 | catorce · wall_segment Palisade Wall x1 |
| 9:54 | catorce · wall_segment Palisade Wall x1 |
| 9:59 | catorce · wall_segment Palisade Wall x1 |
| 10:10 | 3szz · age_up feudal |
| 10:20 | catorce · wall_segment Palisade Wall x1 |
| 10:21 | catorce · wall_segment Palisade Wall x1 |
| 10:22 | catorce · wall_segment Palisade Wall x1 |
| 10:22 | catorce · wall_segment Palisade Wall x1 |
| 11:09 | catorce · first_building Barracks |
| 11:37 | 3szz · first_building Archery Range |
| 11:55 | catorce · age_up feudal |
| 12:28 | catorce · first_building Stable |
| 13:30 | catorce · wall_segment Palisade Wall x1 |
| 13:32 | catorce · wall_segment Palisade Wall x1 |
| 15:53 | catorce · age_up castle |
| 16:21 | 3szz · wall_segment Palisade Wall x9 |
| 17:59 | 3szz · wall_segment Palisade Wall x3 |
| 18:04 | catorce · first_building Monastery |
| 18:06 | 3szz · resign |
[ AI ANALYSIS · 1 CREDIT ]
What really happened in this match?
Wolo.gg analyzes every decision: build order, eco, micro, common mistakes by bracket. Personalized analysis on WhatsApp or Discord in 30 seconds.
Civ guide
Koreans
Perfil
Jugador #236591